 Dungeon Crawl Stone Soup version 0.27.1 (webtiles) character file.

Game seed: 11700240934652145858

51 Thatpatchoflichen the Chiller (level 3, -2/28 HPs)
             Began as a Draconian Ice Elementalist on Aug 21, 2021.
             Succumbed to an adder's poison
             ... on level 2 of the Dungeon.
             The game lasted 00:06:25 (1880 turns).

Thatpatchoflichen the Chiller (DrIE)                Turns: 1880, Time: 00:06:25

Health: -2/28      AC:  5    Str: 10    XL:     3   Next: 58%
Magic:  7/7        EV: 12    Int: 16    God:
Gold:   74         SH:  0    Dex: 11    Spells: 6/7 levels left

rFire    . . .     SeeInvis .   b - +0 dagger
rCold    . . .     Faith    .   (no shield)
rNeg     . . .     Spirit   .   (armour unavailable)
rPois    .         Reflect  .   (helmet restricted)
rElec    .         Harm     .   (no cloak)
rCorr    .         Rampage  .   (no gloves)
Will     .....                  (no boots)
Stlth    ++........             (no amulet)
HPRegen  0.09/turn              (no ring)
MPRegen  0.10/turn              (no ring)

@: lethally poisoned (-2 -> -22)
A: AC +5, unfitting armour, cold-blooded
a: no special abilities


You were on level 2 of the Dungeon.
You visited 1 branch of the dungeon, and saw 2 of its levels.

You collected 74 gold pieces.

Inventory:

Hand Weapons
 b - a +0 dagger (weapon)
Missiles
 h - 2 stones
Scrolls
 a - 2 scrolls of identify {unknown}
 c - a scroll of blinking {unknown}
 e - a scroll of teleportation {unknown}
 f - a scroll of noise {unknown}
Potions
 d - a potion of might {unknown}
 g - a potion of haste {unknown}


   Skills:
 + Level 1.2 Fighting
 - Level 2.0 Dodging
 - Level 1.7 Stealth
 + Level 2.7 Spellcasting
 + Level 4.5 Ice Magic


You had 6 spell levels left.
You knew the following spells:

 Your Spells              Type           Power      Damage    Failure   Level
a - Freeze                Ice            64%        1d8       3%          1

Your spell library contained the following spells:

 Spells                   Type           Power      Damage    Failure   Level
 Frozen Ramparts          Ice            32%        1d5       9%          3
 Ozocubu's Armour         Ice            16%        N/A       9%          3
 Hailstorm                Conj/Ice       9%         3d4       58%         4


Dungeon Overview and Level Annotations

Branches:
Dungeon (2/15)

Altars:


Innate Abilities, Weirdness & Mutations

Your plain brown scales are hard. (AC +5)
You cannot fit into any form of body armour.
You are cold-blooded and may be slowed by cold attacks.


Message History

a +0 short sword; a kobold corpse The adder barely misses you.
A frilled lizard comes into view.
The adder bites you.
You are poisoned.
The adder poisons you!
You feel sick.
You feel sick.
Found a rapier.
You feel sick. The adder closely misses you.
You feel sick.
You feel sick.
You are no longer poisoned.
The adder barely misses you. The adder closely misses you.
You open the door. The adder closely misses you.
There is an open door here.
The adder barely misses you. The adder bites you but does no damage.
The gnoll throws a throwing net.
The throwing net hits you.
You become entangled in the net!
There is a stone staircase leading up here.
You see here a throwing net.
You struggle against the net.
The adder bites you but does no damage.
The gnoll hits you from afar with a +2 halberd of venom.
You are poisoned.
The adder bites you.
Unknown command.
You struggle against the net.
You feel sick. The adder bites you but does no damage.
The gnoll hits you from afar with a +2 halberd of venom.
You are lethally poisoned!
The adder bites you.
* * * LOW HITPOINT WARNING * * *
You are more poisoned.
The adder poisons you!
You rip the net and break free!
* * * LOW HITPOINT WARNING * * *
You feel very sick. The gnoll barely misses you. The adder barely misses you.
You die...

#.....#.# #.#.....##.# #.# #
##.##.#†# ##+########g# #.# #
#......# ##...## #.#...# #
#.##..## ##.....## #.#.### #
#>#...# ##.......## #...# #
#.....###.........####...#####
#.......+.......g.'.g...).....
#.....###......g..####...#####
#.....# #...@Sg.## ##..#
###.### ##.....## #.# #.#
##...## .# #.# ##+## .# #.#
#.# .. #.# ######.# #)#
#......## #.####.......##
#.............#


You could see 4 gnolls and an adder.

Vanquished Creatures
  A dart slug (D:1)
  2 ball pythons (D:1)
  7 bats
  An endoplasm (D:2)
  3 giant cockroaches
  6 goblins
  5 hobgoblins
  4 jackals (D:1)
  4 kobolds
  A quokka (D:1)
  3 frilled lizards (D:1)
  4 rats
41 creatures vanquished.

Notes
Turn   | Place    | Note
-------+----------+-------------------------------------------
     0 | D:1      | Thatpatchoflichen the Draconian Ice Elementalist began the
                  | quest for the Orb.
     0 | D:1      | Reached XP level 1. HP: 14/14 MP: 3/3
   200 | D:1      | Reached XP level 2. HP: 14/20 MP: 1/5
   836 | D:1      | Reached XP level 3. HP: 11/27 MP: 6/6
  1051 | D:1      | Found a faded altar of an unknown god.
  1206 | D:1      | Reached skill level 1 in Fighting
  1880 | D:2      | Succumbed to an adder's poison

Illustrated notes

Levels and vault maps discovered:
D:1:      psy_arrival_statuary, layout_basic, hellmonk_ecumenical_altar_blasted,
          minmay_misc_feat_square
D:2:      layout_loops_corners, corexii_corridor_pit

Skill      XL: |  1  2  3 |
---------------+----------+-----
Dodging        | 2 |  2.0
Fighting       | 1 |  1.2
Stealth        | |  1.7
Spellcasting   | |  2.7
Ice Magic      | |  4.5

Action                   || total
-------------------------++-------
Melee: Unarmed           ||    24
       Dagger            ||   116
       Tailslap          ||    11
 Cast: Freeze            ||    18
 Stab: Sleeping          ||     4
Armor: Skin              ||    85
Dodge: Dodged            ||   136
